Map: Blackburn LE

Players

ZAN

  • Race: Terran Terran
  • League: Master
  • Spawn Location: 7:00

Pumba - Winner!

  • Race: Protoss Protoss
  • League: Master
  • Spawn Location: 5:00

VOD

Have the link to the VOD?

Description

Time

  • Played on: April 12, 2022, 7:37 p.m.
  • Length: 16:18
Show
View Real Time Build Order
Export as new Build Order

ZAN Terran 

Build Orders:  

Get SALT Encoding   

  12  0:00  SCV  
  13  0:12  SCV  
  14  0:17  Supply Depot  
  14  0:24  SCV  
  15  0:38  SCV  
  15  0:40  Barracks  
  16  0:44  Refinery  
  16  0:50  SCV  
  17  1:03  SCV  
  18  1:15  SCV  
  19  1:27  Marine  
  19  1:28  Orbital Command  
  20  1:43  Command Center  
  20  1:45  Barracks Tech Lab  
  20  1:53  Supply Depot  
  20  1:56  SCV  
  21  2:04  Marauder  
  21  2:05  Concussive Shells  
  23  2:15  SCV  
  24  2:19  Barracks  
  24  2:26  Marauder  
  24  2:27  SCV  
  27  2:35  Barracks  
  27  2:39  SCV  
  28  2:47  Marine  
  28  2:48  Stimpack  
  29  2:52  SCV  
  29  2:56  Orbital Command  
  30  3:07  Marine  
  30  3:09  SCV  
  30  3:12  Barracks Reactor  
  32  3:16  Refinery  
  32  3:21  SCV  
  32  3:23  Marine  
  32  3:24  SCV  
  32  3:27  Marauder  
  37  3:30  Engineering Bay  
  37  3:37  SCV  
  37  3:38  SCV  
  39  3:43  Marine  
  39  3:48  Supply Depot, Marine x2  
  41  3:49  SCV  
  41  3:50  SCV, Marauder  
  46  4:03  Terran Infantry Weapons Level 1, Factory  
  46  4:10  SCV x2, Marine x2  
  46  4:11  Marine  
  46  4:13  Marine  
  46  4:14  Supply Depot  
  52  4:22  SCV x2  
  54  4:27  Supply Depot  
  54  4:28  Combat Shield  
  54  4:35  SCV, Marine x4  
  54  4:37  Supply Depot  
  59  4:43  SCV  
  60  4:47  SCV  
  60  4:50  Factory Reactor  
  61  4:52  Starport  
  61  5:00  Marauder, Marine x2  
  61  5:01  SCV x2  
  61  5:02  Barracks Tech Lab  
  66  5:13  SCV  
  66  5:14  SCV  
  68  5:17  Supply Depot, Marine  
  68  5:20  Refinery  
  69  5:22  Marauder  
  69  5:23  Marauder, Marine  
  69  5:25  SCV  
  69  5:26  SCV  
  73  5:35  Marine  
  64  5:38  SCV  
  64  5:40  SCV, Marine  
  65  5:43  Marauder  
  65  5:44  Marauder  
  65  5:45  Barracks  
  65  5:47  Barracks, Medivac  
  65  5:49  Medivac  
  70  5:53  Marine  
  69  6:01  Marine  
  69  6:02  SCV  
  69  6:03  SCV  
  72  6:04  Marauder  
  72  6:05  Refinery  
  72  6:06  Marauder  
  72  6:11  Marine  
  75  6:15  SCV x2  
  78  6:19  Command Center  
  78  6:25  Marine  
  78  6:26  Marauder  
  78  6:27  Marauder  
  78  6:29  Marine  
  84  6:34  Barracks Reactor  
  84  6:35  Barracks Reactor  
  82  6:54  Medivac, Marauder x2, Marine x2  
  70  6:55  Medivac  
  70  6:56  Factory Reactor  
  70  6:59  Supply Depot  
  70  7:00  Terran Infantry Armor Level 1  
  76  7:05  SCV x2  
  78  7:11  Marine  
  78  7:12  Marine  
  78  7:13  Engineering Bay  
  78  7:15  Marauder, Marine x4  
  86  7:20  Supply Depot x2  
  86  7:21  Marauder  
  88  7:27  Ghost Academy  
  88  7:29  Armory, Marine x2  
  89  7:33  Marine x3  
  95  7:37  Marauder  
  95  7:38  Medivac  
  95  7:40  Marine  
  95  7:42  Marauder  
  95  7:43  SCV x2  
  102  7:47  Medivac, Marine  
  105  7:55  SCV x2  
  105  7:58  Marine x5  
  110  8:00  Marauder  
  114  8:07  SCV x2  
  114  8:09  Ghost  
  114  8:10  Enhanced Shockwaves  
  118  8:13  Marine  
  118  8:15  Marine  
  118  8:16  Marine  
  118  8:19  Marine x3  
  124  8:28  Marauder  
  124  8:30  Marine  
  125  8:39  Marauder  
  125  8:47  Orbital Command  
  125  8:52  Supply Depot, Terran Infantry Weapons Level 2  
  125  8:53  Supply Depot  
  125  8:54  Supply Depot, Terran Infantry Armor Level 2  
  125  9:13  SCV, Marine x3  
  125  9:14  Widow Mine, Marauder, Marine x3  
  125  9:15  SCV, Widow Mine, Marauder  
  141  9:31  Marine x2  
  125  9:32  Marine x2  
  125  9:35  Marauder  
  125  9:36  Marauder  
  125  9:37  Marine x2  
  134  9:41  Barracks x2  
  129  9:47  Command Center  
  129  9:49  Marine  
  130  9:54  SCV x2  
  130  9:55  SCV  
  130  9:56  Marauder  
  130  9:57  Ghost  
  137  10:01  Supply Depot  
  137  10:02  Supply Depot  
  137  10:10  Marine  
  137  10:11  Marine x4  
  137  10:12  Medivac, Widow Mine x2  
  148  10:22  Ghost  
  148  10:23  Medivac  
  148  10:26  Marauder  
  154  10:30  Marine  
  154  10:34  Marine x7  
  138  10:48  Marauder, Marine  
  117  10:52  Marauder, Marine x6  
  117  10:53  Marine  
  117  10:55  Widow Mine x2  
  128  11:03  Planetary Fortress  
  128  11:05  Marine  
  128  11:08  Refinery x2  
  128  11:09  Marauder  
  128  11:10  Marine  
  132  11:13  Marauder  
  132  11:14  Barracks Tech Lab x2  
  134  11:20  Marine x2  
  134  11:21  Marine x2  
  134  11:23  Marine  
  139  11:27  Marine  
  139  11:28  Terran Infantry Weapons Level 3  
  139  11:30  Ghost  
  142  11:34  Ghost  
  142  11:38  Marine x3  
  127  11:54  Marauder, Marine x3  
  127  11:55  Marauder  
  127  11:56  Marine x3  
  127  11:59  Marauder  
  118  12:03  Marauder  
  103  12:12  Marine x3  
  103  12:14  Marine x3  
  96  12:20  Marauder  
  90  12:23  SCV x3  
  90  12:24  Marauder  
  84  12:30  Medivac x2, Widow Mine x2, Marine x3  
  84  12:32  Marine  
  92  12:38  Command Center  
  92  12:40  Command Center  
  92  12:41  Ghost  
  92  12:42  Command Center  
  94  12:47  SCV x2  
  94  12:49  Marauder, Marine x6  
  104  13:00  Viking x2  
  104  13:04  Starport  
  108  13:06  Marine  
  108  13:07  Marine x2  
  108  13:10  SCV x2, Marauder  
  115  13:17  SCV  
  116  13:22  SCV  
  117  13:29  SCV x2  
  119  13:34  Marauder x2, Marine x6  
  119  13:37  Viking x2  
  133  13:52  Marine x3  
  132  13:56  Marauder x2  
  133  14:07  Viking  
  133  14:09  SCV x2  
  133  14:16  Viking x2  
  133  14:30  Marine x6  
  133  14:31  Marauder x2  
  131  14:37  Viking  
  118  14:48  Marine x4  
  118  14:50  Marine x2  
  118  14:52  Marauder x2  
  110  15:13  Marauder x2  
  89  15:27  Marine x4  
  93  15:29  Viking  
  93  15:30  Viking  
  93  15:34  Ghost  
  93  15:35  Marauder  
  94  15:43  Orbital Command  
  92  15:54  Marine  
Show
View Real Time Build Order
Export as new Build Order

Pumba Protoss - Winner!

Build Orders: 1 Gate Expand, Blink Stalkers 

Get SALT Encoding   

  12  0:00  Probe  
  13  0:12  Probe  
  14  0:18  Pylon  
  14  0:24  Probe  
  15  0:37  Probe (Chrono Boost)  
  15  0:38  Gateway  
  16  0:46  Probe (Chrono Boost), Assimilator  
  17  0:51  Probe (Chrono Boost)  
  18  1:03  Probe  
  19  1:15  Probe  
  20  1:31  Nexus  
  20  1:35  Cybernetics Core  
  20  1:37  Probe  
  21  1:46  Assimilator  
  21  1:51  Probe  
  21  1:53  Pylon  
  21  2:03  Probe  
  22  2:09  Adept (Chrono Boost)  
  22  2:13  Warp Gate  
  22  2:15  Probe  
  25  2:24  Twilight Council  
  25  2:27  Probe  
  26  2:35  Sentry  
  28  2:39  Probe (Chrono Boost)  
  29  2:46  Probe (Chrono Boost)  
  29  2:49  Probe (Chrono Boost)  
  31  2:54  Probe (Chrono Boost)  
  31  2:56  Probe (Chrono Boost)  
  33  2:59  Probe (Chrono Boost)  
  33  3:03  Shield Battery, Stalker (Chrono Boost)  
  36  3:05  Probe  
  36  3:09  Blink (Chrono Boost)  
  36  3:11  Probe  
  36  3:18  Probe  
  37  3:21  Pylon  
  37  3:27  Probe  
  38  3:30  Probe  
  38  3:32  Gateway  
  39  3:43  Probe x2  
  41  3:52  Nexus  
  41  3:55  Probe, Pylon  
  42  3:57  Probe  
  42  4:02  Stalker  
  45  4:06  Assimilator  
  45  4:10  Gateway  
  45  4:14  Gateway  
  45  4:16  Probe  
  46  4:18  Probe  
  47  4:27  Stalker  
  47  4:28  Probe  
  47  4:29  Stalker  
  52  4:34  Probe  
  53  4:40  Shield Battery  
  53  4:48  Probe  
  53  4:49  Pylon  
  53  4:50  Probe  
  55  4:53  Stalker x2  
  55  4:54  Pylon  
  59  5:01  Shield Battery  
  59  5:02  Pylon  
  59  5:08  Stalker  
  59  5:13  Stalker  
  63  5:15  Probe x3  
  63  5:20  Assimilator  
  66  5:22  Stalker  
  66  5:27  Probe x2  
  66  5:40  Stalker x3  
  72  5:44  Probe  
  72  5:45  Probe x2  
  72  5:46  Assimilator  
  75  5:50  Assimilator  
  75  5:52  Forge  
  75  5:55  Templar Archives  
  75  5:57  Probe x2  
  73  6:10  Probe x3  
  76  6:15  Robotics Facility  
  76  6:17  Forge  
  76  6:22  Probe x3  
  79  6:32  Stalker x3  
  79  6:33  Stalker  
  79  6:34  Probe  
  79  6:36  Shield Battery  
  79  6:38  Pylon  
  88  6:45  Protoss Ground Weapons Level 1 (Chrono Boost), Protoss Ground Armor Level 1 (Chrono Boost)  
  88  6:47  Pylon  
  88  6:49  Psionic Storm  
  86  6:55  Probe x3  
  89  7:01  High Templar x2  
  89  7:02  High Templar  
  89  7:04  High Templar  
  89  7:07  Probe x3  
  100  7:08  Photon Cannon, Pylon  
  100  7:18  Warp Prism  
  100  7:19  Probe x3  
  100  7:20  Nexus  
  103  7:24  Pylon  
  105  7:36  High Templar x2, Pylon  
  109  7:41  Pylon  
  109  7:52  Gateway  
  109  7:54  Observer, Gateway  
  109  7:55  Gateway  
  109  7:56  Gateway  
  110  8:01  High Templar  
  112  8:07  Charge (Chrono Boost)  
  112  8:08  Probe x3  
  112  8:12  Zealot x3  
  121  8:13  Photon Cannon  
  121  8:14  Shield Battery  
  121  8:16  Observer  
  122  8:20  Gateway  
  122  8:22  Gateway  
  122  8:23  Gateway  
  114  8:43  Zealot, High Templar  
  114  8:44  High Templar  
  118  8:48  Nexus  
  118  8:52  Photon Cannon  
  118  8:53  Shield Battery  
  118  8:58  Observer, Pylon  
  117  9:03  Protoss Ground Armor Level 2 (Chrono Boost), Protoss Ground Weapons Level 2 (Chrono Boost)  
  117  9:04  Zealot x5  
  117  9:09  Pylon  
  126  9:11  Pylon  
  118  9:26  Zealot x5, Archon  
  118  9:27  Zealot x3  
  126  9:33  Stalker x2  
  126  9:34  Zealot  
  126  9:36  Shield Battery  
  132  9:39  Photon Cannon  
  132  9:46  Shield Battery, Probe  
  132  9:47  Probe x2  
  132  9:49  Warp Prism (Chrono Boost)  
  137  9:55  Robotics Bay  
  137  9:58  Robotics Facility  
  137  9:59  Robotics Facility, Probe  
  138  10:04  High Templar x5  
  148  10:10  Zealot x2  
  148  10:14  Pylon  
  148  10:30  Zealot x4  
  148  10:31  Zealot x2  
  132  10:46  Zealot x5  
  134  10:56  Observer  
  134  10:58  Observer  
  134  10:59  High Templar  
  134  11:00  High Templar x2  
  134  11:01  High Templar x2  
  134  11:02  High Templar  
  146  11:10  Protoss Ground Armor Level 3 (Chrono Boost)  
  142  11:12  Colossus (Chrono Boost)  
  142  11:15  Extended Thermal Lance  
  149  11:19  Observer (Chrono Boost)  
  149  11:27  Assimilator  
  149  11:28  Probe  
  149  11:29  Assimilator  
  149  11:32  Nexus  
  150  11:34  Assimilator  
  150  11:38  Assimilator  
  150  11:39  Zealot x3  
  156  11:40  Shield Battery  
  155  11:53  Zealot x4  
  156  11:55  Archon x3  
  156  11:58  Zealot x4  
  162  12:03  Disruptor (Chrono Boost)  
  162  12:07  Colossus (Chrono Boost)  
  141  12:16  Zealot x6  
  141  12:21  Probe x2  
  155  12:23  Observer  
  155  12:24  Protoss Ground Weapons Level 3 (Chrono Boost), Probe  
  144  12:38  Colossus x2 (Chrono Boost)  
  144  12:41  Observer  
  160  13:01  Colossus (Chrono Boost)  
  160  13:04  Observer  
  160  13:07  High Templar x2  
  160  13:08  High Templar  
  166  13:18  Observer  
  166  13:20  Observer  
  166  13:27  Nexus  
  166  13:29  Disruptor (Chrono Boost), Observer (Chrono Boost)  
  166  13:30  Assimilator  
  166  13:33  Assimilator, Pylon  
  170  13:46  Disruptor  
  170  13:47  Colossus  
  176  13:58  Disruptor  
  176  14:01  Archon  
  167  14:18  Zealot x10  
  167  14:22  Disruptor  
  186  14:31  Photon Cannon  
  186  14:34  Disruptor  
  185  14:41  Disruptor  
  187  14:51  Zealot x10  
  195  14:58  Disruptor  
  179  15:07  Stalker  
  179  15:10  Disruptor  
  180  15:16  Disruptor  
  180  15:23  Dark Shrine  
  180  15:28  Nexus  
  180  15:31  Photon Cannon  
  180  15:32  Shield Battery  
  180  15:33  Disruptor  
Tags
 
Add a new tag
Caveats
  • Supply blocks, unpowered buildings, or Contaminate may cause inaccurate times.
  • Supply counts are checked every 10 seconds.